 Dungeon Crawl Stone Soup version 0.23.1 (webtiles) character file.

Game seed: 12752242397542543657

86 zedzed the Skirmisher (level 4, -1/29 HPs)
             Began as a Gargoyle Fighter on Mar 6, 2019.
             Killed by divine providence
             ... invoked by an orc priest
              (9 damage)
             ... on level 3 of the Dungeon.
             The game lasted 00:04:47 (1720 turns).

zedzed the Skirmisher (Gargoyle Fighter)            Turns: 1720, Time: 00:04:48

Health: -1/29      AC: 10    Str: 21    XL:     4   Next: 50%
Magic:  4/4        EV:  7    Int:  8    God:
Gold:   95         SH:  9    Dex:  9    Spells: 3/3 levels left

rFire    . . .     SeeInvis .   l - -1 hand axe (curse)
rCold    . . .     Gourm    .   c - +0 shield
rNeg     + . .     Faith    .   b - +0 scale mail
rPois    ∞         Spirit   .   (no helmet)
rElec    +         Reflect  .   (no cloak)
rCorr    .         Harm     .   (no gloves)
MR       .....                  (no boots)
Stlth    ..........             j - amulet of the acrobat
HPRegen  0.09/turn              (no ring)
MPRegen  0.09/turn              (no ring)

@: no status effects
A: negative energy resistance 1, electricity resistance, unbreathing,
petrification resistance, rot immunity, AC +3
a: no special abilities


You were on level 3 of the Dungeon.
You were hungry.

You visited 1 branch of the dungeon, and saw 3 of its levels.

You collected 95 gold pieces.

Inventory:

Hand Weapons
 a - a +0 flail
 e - a +0 hunting sling
 l - a cursed -1 hand axe (weapon)
Armour
 b - a +0 scale mail (worn)
 c - a +0 shield (worn)
Jewellery
 h - a +5 ring of dexterity {unknown}
 j - an amulet of the acrobat (around neck)
Scrolls
 g - a scroll of identify
Potions
 d - a potion of might
 i - 2 potions of curing
 k - 2 potions of lignification {unknown}
 m - a potion of haste {unknown}
Comestibles
 f - a ration


   Skills:
 + Level 4.2 Fighting
 + Level 0.6(2.1) Axes
 + Level 3.5(3.6) Maces & Flails
 - Level 3.2 Armour
 + Level 0.3 Dodging
 + Level 0.2 Stealth
 - Level 3.2 Shields


You had 3 spell levels left.
You didn't know any spells.
Your spell library was empty.

Dungeon Overview and Level Annotations

Branches:
Dungeon (3/15)

Altars:


Innate Abilities, Weirdness & Mutations

You are resistant to torment.
Your stone body is resilient. (AC +3)
You are immune to poison.
You resist negative energy. (rN+)
You are resistant to electric shocks. (rElec)
You can survive without breathing.
You are immune to petrification.
You are immune to rotting.


Message History

Beogh smites you!
* * * LOW HITPOINT WARNING * * *
The orc barely misses you.
You hit the orc.
The orc is heavily wounded.
You closely miss the orc. You block the orc's attack.
The orc hits you but does no damage.
Your shield prevents you from hitting the orc priest.
The orc priest is moderately wounded.
You hit the orc.
Your shield and scale mail prevent you from hitting the orc.
The orc priest invokes the aid of Beogh against you.
You barely resist. You block the orc's attack. The orc closely misses you.
The orc priest hits you but does no damage.
You hit the orc priest.
The orc priest is severely wounded.
You hit the orc but do no damage. x2; The orc barely misses you. x2
The orc priest invokes the aid of Beogh against you.
Beogh smites you!
You die...

####.######
#.###...#
.....<.>..#
#)# #..##
####.####.#
#.###..#
#.#
#..#####
#.# #..#
#.. #(.#
... #..#
##. #(.#
#@o# #oo#
#..# #..#
...# #.##
#.# #.#


You could see an orc priest and 2 orcs.

Vanquished Creatures
  Jessica (D:2)
  2 adders (D:2)
  4 dart slugs (D:1)
  A leopard gecko (D:1)
  A ball python (D:2)
  A giant cockroach (D:1)
  2 hobgoblins
  4 jackals (D:2)
  3 bats (D:1)
  2 frilled lizards (D:1)
  6 goblins
  2 kobolds (D:2)
  5 rats
34 creatures vanquished.

Notes
Turn   | Place    | Note
-------+----------+-------------------------------------------
     0 | D:1      | zedzed the Gargoyle Fighter began the quest for the Orb.
     0 | D:1      | Reached XP level 1. HP: 14/14 MP: 1/1
   125 | D:1      | Reached XP level 2. HP: 19/19 MP: 2/2
   475 | D:1      | Reached XP level 3. HP: 24/24 MP: 3/3
   709 | D:2      | Reached skill level 4 in Fighting
  1223 | D:2      | Noticed Jessica
  1237 | D:2      | Killed Jessica
  1237 | D:2      | Reached XP level 4. HP: 21/29 MP: 4/4
  1720 | D:3      | Killed from afar by an orc priest

Skill      XL: |  1  2  3 |
---------------+----------+-----
Maces & Flails | 3 |  3.5
Fighting       | 4 |  4.2
Axes           | |  0.6
Armour         | |  3.2
Dodging        | |  0.3
Stealth        | |  0.2
Shields        | |  3.2

Action                   |  1- 3 |  4- 6 || total
-------------------------+-------+-------++-------
Melee: Flail             |    73 |       ||    73
       Hand axe          |    49 |    23 ||    72
  Use: Scroll            |     4 |     3 ||     7
  Eat: Chunk             |     1 |     1 ||     2
Armor: Scale mail        |    60 |     9 ||    69
Dodge: Dodged            |    39 |    16 ||    55
Block: Shield            |    55 |    12 ||    67
